 Dungeon Crawl Stone Soup version 0.21-a0-515-g8d4ebbe (webtiles) character file.

59 Spazmo the Firebug (level 3, -1/19 HPs)
             Began as a Deep Elf Fire Elementalist on Dec 2, 2017.
             Slain by a goblin
             ... wielding a +0 club
             ... led by Robin
              (2 damage)
             ... on level 3 of the Dungeon.
             The game lasted 00:04:30 (1581 turns).

Spazmo the Firebug (Deep Elf Fire Elementalist)     Turns: 1581, Time: 00:04:32

Health: -1/19      AC:  3    Str:  5    XL:     3   Next: 78%
Magic:  12/19      EV: 13    Int: 20    God:
Gold:   114        SH:  0    Dex: 15    Spells: 3/9 levels left

rFire    . . .     SeeInvis .   e - +3 short sword
rCold    . . .     Gourm    .   (no shield)
rNeg     . . .     Faith    .   a - +0 robe
rPois    .         Spirit   .   t - +0 helmet
rElec    .         Reflect  .   o - scarf {cloud immunity}
rCorr    .         Harm     .   (no gloves)
MR       .....                  (no boots)
Stlth    ++........             (no amulet)
HPRegen  0.06/turn              j - ring of magical power
MPRegen  0.16/turn              (no ring)

@: no status effects
A: no striking features
a: no special abilities


You were on level 3 of the Dungeon.
You were not hungry.

You visited 1 branch of the dungeon, and saw 3 of its levels.

You collected 114 gold pieces.

Inventory:

Hand Weapons
 e - a +3 short sword (weapon)
Missiles
 g - 42 stones (quivered)
Armour
 a - a +0 robe (worn)
 d - a scarf of resistance
 o - a scarf of cloud immunity (worn)
 t - a +0 helmet (worn)
Jewellery
 j - a ring of magical power (left hand)
Scrolls
 h - 3 scrolls of identify {unknown}
 i - a scroll of amnesia {unknown}
 k - a scroll of fog {unknown}
 m - a scroll of teleportation {unknown}
 r - a scroll of magic mapping {unknown}
Potions
 p - a potion of curing
 q - a potion of flight
Books
 b - a book of Flames

   Spells                             Type                      Level
   a - Flame Tongue                   Conjuration/Fire             1
   b - Throw Flame                    Conjuration/Fire             2
   c - Conjure Flame                  Conjuration/Fire             3
   d - Inner Flame                    Hexes/Fire                   3
   e - Sticky Flame                   Conjuration/Fire             4
   f - Fireball                       Conjuration/Fire             5
Comestibles
 c - a bread ration
 f - 2 meat rations
 n - 3 royal jellies
 s - 3 chunks of flesh


   Skills:
 - Level 3.0 Dodging
 - Level 3.0 Stealth
 + Level 3.7 Spellcasting
 + Level 2.1 Conjurations
 + Level 3.8 Fire Magic


You had 3 spell levels left.
You knew the following spells:

 Your Spells              Type           Power        Failure   Level  Hunger
a - Flame Tongue          Conj/Fire      ###..        3%          1    None
b - Throw Flame           Conj/Fire      ###...       6%          2    ##.....
c - Conjure Flame         Conj/Fire      ###.....     12%         3    ###....


Dungeon Overview and Level Annotations

Branches:
Dungeon (3/15)

Altars:

Annotations:
D:3 Robin


Message History

8 goblins, 3 hobgoblins, 3 orcs and Robin come into view.
The goblin shouts! x3; The orc shouts!
The goblin shouts!
The hobgoblin shouts!
Robin shouts!
The goblin shouts!
The orc shouts! x2; The hobgoblin shouts!
The goblin shouts!
The hobgoblin barely misses you.
The goblin wields a hunting sling.
The goblin shoots a stone.
The stone hits you.
* * * LOW HITPOINT WARNING * * *
The hobgoblin hits you with a club.
* * * LOW HITPOINT WARNING * * *
The goblin shouts!
Found 21 stones.
An orc priest comes into view.
You see here a stone.
As you read the scroll labeled KAQUIR IMATIRPH, it crumbles to dust.
You hear a loud clanging noise!
It was a scroll of noise.
You hear an angry hiss.
You hear a shout! x2
The orc priest moves out of view.
The hobgoblin barely misses you. The goblin hits you with a club.
You die...

######
......######
...........#
.......g...#
#gg@g..#
#.gggg.#
+..gg..+
#....g.#
.og....#
o.######.
.o. +# ....


You could see Robin, 3 orcs, 3 hobgoblins and 8 goblins.

Vanquished Creatures
  A gnoll (D:1)
  2 worms (D:2)
  A dart slug (D:2)
  A leopard gecko (D:3)
  2 giant cockroaches (D:1)
  7 goblins
  7 hobgoblins
  A quokka (D:2)
  2 ball pythons
  3 bats
  4 frilled lizards
  3 kobolds
  5 rats (D:2)
39 creatures vanquished.

Notes
Turn   | Place    | Note
-------+----------+-------------------------------------------
     0 | D:1      | Spazmo the Deep Elf Fire Elementalist began the quest for the Orb.
     0 | D:1      | Reached XP level 1. HP: 10/10 MP: 6/6
    96 | D:1      | Reached XP level 2. HP: 15/15 MP: 1/8
   184 | D:1      | Learned a level 2 spell: Throw Flame
   665 | D:2      | Reached XP level 3. HP: 7/19 MP: 2/9
   680 | D:1      | Learned a level 3 spell: Conjure Flame
  1580 | D:3      | Noticed Robin
  1581 | D:3      | Slain by a goblin

Vault maps used:
D:1:      dpeg_arrival_round_c
D:2:      grunt_decor_cap, solitary_fountain
D:3:      first_bread, grunt_qazlal_clouds, uniq_purgy, uniq_robin

Skill      XL: |  1  2  3 |
---------------+----------+-----
Stealth        | 3 |  3.0
Dodging        | 3 |  3.0
Conjurations   | 2 |  2.1
Spellcasting   | |  3.7
Fire Magic     | |  3.8

Action                   || total
-------------------------++-------
 Cast: Flame Tongue      ||    74
       Throw Flame       ||     7
  Use: Potion            ||     2
       Scroll            ||     1
  Eat: Chunk             ||     2
Armor: Robe              ||     1
Dodge: Dodged            ||    12

Table legend:
 A = Spawn XP
 B = Non-spawn XP
 C = Spawn XP percentage of total XP
 D = Spawn monster count
 E = Non-spawn monster count
 F = Spawn count percentage of total count
 G = Total turns spent on level
                    A         B        C        D         E        F      G
               +---------+---------+-------+---------+---------+-------+---------
         Total |       0 |      85 |   0.0 |       0 |      39 |   0.0 |  1581
               +---------+---------+-------+---------+---------+-------+---------
           D:1 |       0 |      39 |   0.0 |       0 |      16 |   0.0 |   709
           D:2 |       0 |      40 |   0.0 |       0 |      20 |   0.0 |   843
           D:3 |       0 |       6 |   0.0 |       0 |       3 |   0.0 |    29
               +---------+---------+-------+---------+---------+-------+---------
